 Dungeon Crawl Stone Soup version 0.31-a0-441-g867994ef1c (webtiles) character file.

Game seed: 13482355337342112004

99 randomguy2701 the Chopper (level 4, -4/40 HPs)
             Began as a Hill Orc Fighter on Aug 3, 2023.
             Slain by a cerulean imp
             ... wielding a +1 spear
             ... summoned by Natasha
              (6 damage)
             ... on level 2 of the Dungeon.
             The game lasted 00:01:24 (1726 turns).

randomguy2701 the Chopper (Hill Orc Fighter)        Turns: 1726, Time: 00:01:25

Health: -4/40      AC:  6    Str: 18    XL:     4   Next: 72%
Magic:  4/4        EV:  9    Int:  8    God:
Gold:   102        SH:  4    Dex: 12    Spells: 3/3 levels left

rFire   . . .        a - +0 war axe
rCold   . . .        c - +0 buckler
rNeg    . . .        b - +0 scale mail
rPois   .            (no helmet)
rElec   .            (no cloak)
rCorr   .            (no gloves)
SInv    .            (no boots)
Will    .....        (no amulet) Stlth
                     (no ring)
HPRegen 0.26/turn    (no ring)
MPRegen 0.09/turn

%: no passive effects
@: slowed, very slow
A: no striking features
a: no special abilities


You were on level 2 of the Dungeon.
You visited 1 branch of the dungeon, and saw 2 of its levels.

You collected 102 gold pieces.

Inventory:

Hand Weapons
 a - a +0 war axe (weapon)
Armour
 b - a +0 scale mail (worn)
 c - a +0 buckler (worn)
Scrolls
 e - a scroll of revelation {unknown}
 f - a scroll of noise {unknown}
 h - 5 scrolls of identify {unknown}
 i - a scroll of teleportation {unknown}
 j - a scroll of enchant weapon {unknown}
 k - a scroll of enchant armour {unknown}
 m - a scroll of poison {unknown}
 n - a scroll of immolation {unknown}
Potions
 d - a potion of might
 g - a potion of cancellation {unknown}
 l - a potion of lignification {unknown}
 o - 2 potions of berserk rage {unknown}
 p - a potion of attraction {unknown}
 q - a potion of haste {unknown}


   Skills:
 + Level 4.1 Fighting
 + Level 4.6 Axes
 + Level 3.6 Armour
 + Level 1.3 Dodging
 + Level 3.5 Shields


You had 3 spell levels left.
You didn't know any spells.
Your spell library contained the following spells:

 Spells                   Type           Power      Damage    Failure   Level
 Sublimation of Blood     Necr           0%         N/A       95%         2
 Wereblood                Tmut           0%         N/A       95%         2
 Frozen Ramparts          Ice            0%         1d1       99%         3
 Petrify                  Tmut/Erth      0%         N/A       100%        4
 Metabolic Englaciation   Hex/Ice        0%         N/A       100%        5
 Summon Hydra             Summ           0%         N/A       100%        7


Dungeon Overview and Level Annotations

Branches:
Dungeon (2/15)

Altars:

Shops:
D:1 (

Annotations:
D:2 Natasha


Message History

You hit Natasha.
Natasha is moderately wounded.
The cerulean imp misses you.
Natasha stares at you and mumbles some strange words.
You resist with some effort.
You miss Natasha.
Natasha is moderately wounded.
Your transformation is almost over.
The cerulean imp barely misses you. Natasha closely misses you.
The cerulean imp closely misses you. Natasha casts a spell at you.
You feel as though you will be slow longer.
Natasha hisses.
Natasha attacks as you move away! Natasha misses you.
Natasha attacks as you move away! Natasha completely misses you.
Natasha mumbles some strange words.
You feel troubled. Natasha attacks as you move away!
Natasha closely misses you. Natasha attacks as you move away!
Natasha misses you. Natasha barely misses you.
You feel less batty.
Your +0 war axe unmelds from your body.
Your +0 buckler unmelds from your body.
Your +0 scale mail unmelds from your body.
Natasha misses you.
The cerulean imp hits you with a +1 spear.
* * * LOW HITPOINT WARNING * * *
The cerulean imp hits you but does no damage.
The cerulean imp hits you from afar with a +0 spear.
* * * LOW HITPOINT WARNING * * *
Natasha claws you.
* * * LOW HITPOINT WARNING * * *
You miss Natasha.
Natasha is moderately wounded.
You hit the cerulean imp. The cerulean imp closely misses you.
The cerulean imp hits you with a +1 spear.
* * * LOW HITPOINT WARNING * * *
Natasha casts a spell at you.
You feel as though you will be slow longer.
The cerulean imp hits you with a +1 spear.
You die...

#.# #...##.#########..# #.#
#.)...............# #.#
####...##.##.##......#
####.###.........##.##.####.##
.......................###...#
##.#####...................#.#
#.# #####...##.............#
#.# #..........##.#######.##
##.####<###.....@h5.## #.#
........# #..#...5.#.## #.#
##.###..###..#.....##.#####.#
...# #...##...>....###....#.#
#### #...##.##.....##.#.....#
# #...##........#)##.#.###
#...########...###.#.# #...#
###.# #5#.# ##..)# #.# #.#.#


You could see Natasha and 2 cerulean imps.

Vanquished Creatures
  Natasha (D:2)
  An adder (D:2)
  A worm (D:2)
  2 dart slugs (D:1)
  5 ball pythons
  6 bats
  5 endoplasms (D:1)
  3 giant cockroaches (D:1)
  5 goblins
  9 hobgoblins
  3 jackals (D:1)
  2 quokkas
  2 frilled lizards
  2 kobolds (D:1)
  5 rats
52 creatures vanquished.

Notes
Turn   | Place    | Note
-------+----------+-------------------------------------------
     0 | D:1      | randomguy2701 the Hill Orc Fighter began the quest for the
                  | Orb.
     0 | D:1      | Reached XP level 1. HP: 19/19 MP: 1/1
   123 | D:1      | Reached XP level 2. HP: 27/27 MP: 2/2
   260 | D:1      | Reached XP level 3. HP: 33/33 MP: 3/3
   656 | D:1      | Found Huasteke's Weapon Boutique.
  1198 | D:2      | Reached XP level 4. HP: 37/40 MP: 4/4
  1301 | D:2      | Noticed Natasha
  1308 | D:2      | Killed Natasha
  1309 | D:2      | Reached skill level 1 in Dodging
  1700 | D:2      | Noticed Natasha
  1726 | D:2      | HP: 2/40 [cerulean imp/+1 spear[Natasha] (4)]
  1726 | D:2      | Slain by a cerulean imp

Illustrated notes

Levels and vault maps discovered:
D:1:      elethiomel_arrival_shortcut, layout_loops_ring, serial_shops, shop,
          chequers_serial_rivers_micro_c, serial_park_tiny_1,
          minmay_pentomino_s4
D:2:      layout_loops_ring, minmay_goblin_kobold_house, uniq_natasha

Skill      XL: |  1  2  3  4 |
---------------+-------------+-----
Axes           | 3 4 |  4.6
Fighting       | 4 |  4.1
Dodging        | 1 |  1.3
Armour         | |  3.6
Shields        | |  3.5

Action                     |  1- 3 |  4- 6 || total
---------------------------+-------+-------++-------
  Melee: War axe           |   129 |    44 ||   173
         Unarmed           |       |     8 ||     8
 Armour: Scale mail        |    69 |    21 ||    90
  Dodge: Dodged            |    76 |    41 ||   117
  Block: Buckler           |    27 |     5 ||    32

Table legend: (Time is in decaauts)
 A = Elapsed time spent in this place.
 B = Non-inter-level travel time spent in this place.
 C = Inter-level travel time spent in this place.
 D = Time resting spent in this place.
 E = Time spent auto-exploring this place.
 F = Levels seen in this place.
 G = Mean time per level.
                   A        B        C        D        E       F      G
               +--------+--------+--------+--------+--------+-----+--------+
         Total |   1791 |   1743 |     48 |      0 |   1343 |   2 |  895.5 |
       Dungeon |   1791 |   1743 |     48 |      0 |   1343 |   2 |  895.5 |
               +--------+--------+--------+--------+--------+-----+--------+

Top non-repeatable levels by time:
     D:1: 1062 daAuts
     D:2: 728 daAuts
